 Dungeon Crawl Stone Soup version 0.24-a0-809-g71cb82dfb8 (webtiles) character file.

Game seed: 16915121225111711811, levelgen mode: deterministic

67 Arixos the Sneak (level 3, -6/23 HPs)
             Began as a Vampire Monk on Oct 11, 2019.
             Killed by divine providence
             ... invoked by an orc priest
              (14 damage)
             ... on level 3 of the Dungeon.
             The game lasted 00:07:24 (1447 turns).

Arixos the Sneak (Vampire Monk)                     Turns: 1447, Time: 00:07:24

Health: -6/23      AC:  4    Str: 11    XL:     3   Next: 98%
Magic:  3/3        EV: 14    Int: 12    God:
Gold:   89         SH:  0    Dex: 16    Spells: 2/2 levels left

rFire    . . .     SeeInvis +   f - +0 whip (elec)
rCold    + + .     Gourm    .   (no shield)
rNeg     + + +     Faith    .   n - +0 leather armour
rPois    ∞         Spirit   .   (no helmet)
rElec    .         Reflect  .   (no cloak)
rCorr    .         Harm     .   i - +0 pair of gloves
MR       .....                  (no boots)
Stlth    +++++.....             (no amulet)
HPRegen  0.00/turn              (no ring)
MPRegen  0.08/turn              (no ring)

@: bloodless, regenerating quickly
A: no food, fangs 3, see invisible, unbreathing
a: Bat Form, Revivify


You were on level 3 of the Dungeon.
You were bloodless.

You visited 1 branch of the dungeon, and saw 3 of its levels.

You collected 89 gold pieces.

Inventory:

Hand Weapons
 f - a +0 whip of electrocution (weapon)
 l - a +2 vampiric dagger
Armour
 i - a +0 pair of gloves (worn)
 n - a +0 leather armour (worn)
Scrolls
 c - 5 scrolls of identify {unknown}
 d - 5 scrolls of teleportation {unknown}
 e - a scroll of amnesia {unknown}
 g - a scroll of magic mapping {unknown}
 h - a scroll of enchant weapon {unknown}
 k - a scroll of blinking {unknown}
Potions
 a - 2 potions of flight {unknown}
 j - a potion of brilliance {unknown}
 m - a potion of resistance {unknown}


   Skills:
 + Level 3.3 Fighting
   Level 2.6 Polearms
 + Level 4.1 Dodging
 + Level 4.6 Stealth


You had 2 spell levels left.
You didn't know any spells.
Your spell library was empty.

Dungeon Overview and Level Annotations

Branches:
Dungeon (3/15)

Altars:
Ashenzari


Innate Abilities, Weirdness & Mutations

You do not eat.
You do not regenerate when monsters are visible.
You are frail without blood (-20% HP).
You are immune to poison.
You have razor-sharp teeth.
You have supernaturally acute eyesight. (SInv)
You can survive without breathing.


Message History

The orc shouts!
You closely miss the orc priest.
The orc priest is moderately wounded.
The orc priest hits you but does no damage.
The orc priest calls down the wrath of Beogh upon you.
Beogh smites you!
You closely miss the orc. Your bite misses the orc. The orc barely misses you.
You hit the orc.
The orc is lightly wounded.
The orc hits you.
You hit the orc.
The orc is heavily wounded.
The orc hits you. The orc hits you but does no damage.
You hit the orc.
You kill the orc!
The orc priest miscasts a cantrip.
The orc priest invokes the aid of Beogh against you.
Beogh smites you!
Ouch! That really hurt!
You die...

##..........#### #.########.#
... #># #.### #.# ##'## #...#
#.# #...## ###.# #o# .....##
##.# #o### ......## ##..# #.#.##
.......####...##########....####
.......+........@..ooo.........+
.......####...##########....####
....).## ##..# #.#.## .....##
##.# #.### #...## #.# ... ##'##
#.# .#. #.##### ##.# # #.
##.#...# #..# . .......# #.##


You could see 3 orc priests.

Vanquished Creatures
  2 adders
  A worm (D:3)
  2 dart slugs
  2 orcs (D:3)
  3 bats
  2 giant cockroaches (D:2)
  2 goblins
  5 hobgoblins
  2 quokkas (D:2)
  3 ball pythons (D:2)
  5 frilled lizards
  7 kobolds
  6 rats
42 creatures vanquished.

Vanquished Creatures (others)
  4 toadstools (D:1)
4 creatures vanquished.

Grand Total: 46 creatures vanquished

Notes
Turn   | Place    | Note
-------+----------+-------------------------------------------
     0 | D:1      | Arixos the Vampire Monk began the quest for the Orb.
     0 | D:1      | Reached XP level 1. HP: 17/17 MP: 1/1
   198 | D:1      | Reached XP level 2. HP: 23/23 MP: 2/2
   892 | D:2      | Found a shattered altar of Ashenzari.
   945 | D:2      | Reached XP level 3. HP: 29/29 MP: 3/3
  1447 | D:3      | Killed from afar by an orc priest

Levels and vault maps discovered:
D:1:      ldierk_water_garden, layout_basic, minmay_domino_4
D:2:      layout_rooms, lemuel_round_altar
D:3:      layout_loops_corners, minitemple, chequers_ecumenical_altar_simple,
          kennysheep_generic_room_3

Skill      XL: |  1  2  3 |
---------------+----------+-----
Fighting       | 3 |  3.3
Stealth        | 4 |  4.6
Dodging        | 4 |  4.1
Polearms       | |  2.6

Action                   || total
-------------------------++-------
Melee: Spear             ||    23
       Bite              ||    10
       Whip              ||    95
 Abil: Exsanguinate      ||     1
 Stab: Sleeping          ||    11
       Distracted        ||     1
Armor: Robe              ||    17
       Leather armour    ||     2
Dodge: Dodged            ||    72

Table legend:
 A = Non-vault XP
 B = Vault XP
 C = Vault XP percentage of total XP
 D = Non-vault monster count
 E = Vault monster count
 F = Vault count percentage of total count
                 A         B        C        D         E       F
            +---------+---------+-------+---------+---------+-------
      Total |      92 |       4 |   4.2 |      39 |       3 |   7.1
            +---------+---------+-------+---------+---------+-------
        D:1 |      21 |       4 |  16.0 |      13 |       3 |  18.8
        D:2 |      45 |       0 |   0.0 |      20 |       0 |   0.0
        D:3 |      26 |       0 |   0.0 |       6 |       0 |   0.0
            +---------+---------+-------+---------+---------+-------
